 Dungeon Crawl Stone Soup version 0.32-a0-128-g77eb882 (webtiles) character file.

Game seed: 13133020153474486147

574 danspanner the Covered (level 7, -1/44 HPs)
             Began as a Tengu Fighter on Feb 7, 2024.
             Was a Follower of Okawaru.
             Slain by Edmund
             ... wielding a +2 dire flail of protection
              (6 damage)
             ... on level 4 of the Dungeon.
             The game lasted 00:10:47 (3120 turns).

danspanner the Covered (Tengu Fighter)              Turns: 3120, Time: 00:10:47

Health: -1/44      AC:  8    Str: 18    XL:     7   Next: 35%
Magic:  8/8        EV: 13    Int:  8    God:    Okawaru [*.....]
Gold:   208        SH:  5    Dex: 14    Spells: 6/6 levels left

rFire   . . .        a - +0 trident
rCold   . . .        c - +0 buckler
rNeg    . . .        b - +0 scale mail
rPois   .            (helmet restricted)
rElec   .            (no cloak)
rCorr   .            j - +0 pair of gloves
SInv    .            (boots unavailable)
Will    +....        (no amulet) Stlth
                     (no ring)
HPRegen 0.27/turn    (no ring)
MPRegen 0.11/turn

%: acrobat
@: mighty, flying
A: beak, talons 3, evasive flight, acrobatic, strong-willed 1, MP-powered wands
a: Renounce Religion, Heroism


You were on level 4 of the Dungeon.
You worshipped Okawaru.
Okawaru was aware of your devotion.
You visited 1 branch of the dungeon, and saw 4 of its levels.

You collected 208 gold pieces.

Inventory:

Hand Weapons
 a - a +0 trident (weapon)
Missiles
 o - 4 poisoned darts (quivered)
Armour
 b - a +0 scale mail (worn)
 c - a +0 buckler (worn)
 j - a +0 pair of gloves (worn)
Wands
 k - a wand of acid (10)
 q - a wand of mindburst (12)
Scrolls
 e - a scroll of revelation
 f - a scroll of blinking {unknown}
 g - a scroll of enchant armour
 h - a scroll of fog {unknown}
 i - 3 scrolls of immolation {unknown}
Potions
 l - a potion of cancellation
 m - 3 potions of degeneration {unknown}
 n - 2 potions of curing
 p - a potion of enlightenment {unknown}
 r - a potion of heal wounds {unknown}


   Skills:
 + Level 4.6 Fighting
 + Level 4.5 Polearms
 + Level 1.6 Throwing
 + Level 5.2 Armour
 + Level 4.6 Shields


You had 6 spell levels left.
You didn't know any spells.
Your spell library contained the following spells:

 Spells                   Type           Power      Damage    Failure   Level
 Apportation              Tloc           0%         N/A       85%         1
 Kiss of Death            Conj/Necr      0%         2d5       85%         1
 Necrotise                Necr           0%         1d4       85%         1
 Sting                    Conj/Alch      0%         1d3       85%         1
 Confusing Touch          Hex            0%         N/A       99%         3
 Dispel Undead            Necr           0%         3d6       100%        4
 Summon Small Mammal      Summ           Unusable   N/A       N/A         1

Dungeon Overview and Level Annotations

Branches:
Dungeon (4/15)
 Temple: D:4-7

Altars:
Gozag
Makhleb
Okawaru
Qazlal
Xom

Annotations:
D:4 Edmund


Innate Abilities, Weirdness & Mutations

You have a beak for a mouth.
You have claws for feet.
Your magical flight helps you evade attacks. (EV +4)
You can magically evade attacks while moving or waiting.
You are strong-willed. (Will+)
You expend magic power (3 MP) to strengthen your wands.


Message History

The iguana is lightly wounded.
The iguana bites you!
You hit the iguana but do no damage. You peck the iguana, but do no damage.
The iguana is lightly wounded.
The iguana misses you.
You hit the iguana.
The iguana is moderately wounded.
The iguana misses you.
You hit Edmund but do no damage. You claw Edmund. Your peck misses Edmund.
Edmund is lightly wounded.
Edmund misses you.
You hit Edmund. Your kick misses Edmund.
Edmund is lightly wounded.
Edmund says, "I might not be good at magic, but I can still kill you!"
You block Edmund's attack.
You barely miss Edmund. You claw Edmund.
Edmund is moderately wounded.
Edmund hits you with a +2 dire flail of protection!
You hit Edmund. Your kick misses Edmund.
Edmund is moderately wounded.
Edmund says, "You wouldn't believe how much I paid for this flail."
Edmund closely misses you.
You barely miss Edmund. Your kick misses Edmund.
Edmund is moderately wounded.
Edmund hits you with a +2 dire flail of protection.
You feel very mighty all of a sudden. You block Edmund's attack.
You barely miss Edmund. You claw Edmund! You peck Edmund, but do no damage.
Edmund is heavily wounded.
Edmund closely misses you.
You barely miss Edmund. You claw Edmund.
Edmund is heavily wounded.
Edmund hits you with a +2 dire flail of protection!
You closely miss Edmund. You claw Edmund! Your peck misses Edmund.
Edmund is severely wounded.
Edmund hits you with a +2 dire flail of protection!
* * * LOW HITPOINT WARNING * * *
Edmund hits you with a +2 dire flail of protection.
You die...
Edmund whines, "They better pay attention to me now!"

######### #.......#
#.#####.# #.# #.# ### #.#
#.# #...######.#####.#
#..l@@...........#
#########...######.#######
#..^....#.. #.# #.......#.
#.# #.......# #.#
####.......## ###'#####
...'........# #.......#
####........# #.......#
............# #.......#


You could see Edmund and an iguana.

Vanquished Creatures
  Menkaure (D:4)
  A black bear (D:4)
  A bombardier beetle (D:3)
  A hound (D:4)
  2 iguanas (D:4)
  A sleepcap (D:4)
  Ijyb (D:3)
  Terence (D:2)
  3 gnolls (D:4)
  5 adders
  2 ufetubi (D:4)
  2 dart slugs
  A ribbon worm (D:3)
  12 orcs
  7 endoplasms
  3 giant cockroaches
  7 goblins
  8 hobgoblins
  6 kobolds
  2 quokkas
  7 ball pythons
  2 bats
  A frilled lizard (D:3)
  5 rats
82 creatures vanquished.

Notes
Turn   | Place    | Note
-------+----------+-------------------------------------------
     0 | D:1      | danspanner the Tengu Fighter began the quest for the Orb.
     0 | D:1      | Reached XP level 1. HP: 14/14 MP: 2/2
    89 | D:1      | Reached XP level 2. HP: 19/19 MP: 3/3
   630 | D:2      | Reached XP level 3. HP: 23/23 MP: 4/4
   733 | D:2      | Found an iron altar of Okawaru.
   742 | D:2      | Became a worshipper of Warmaster Okawaru
   757 | D:2      | You fall into a shaft and drop 2 floors!
   811 | D:4      | Reached skill level 4 in Armour
   811 | D:4      | Reached XP level 4. HP: 27/28 MP: 5/5
   943 | D:4      | Reached XP level 5. HP: 21/33 MP: 6/6
  1195 | D:3      | Found a burning altar of Makhleb.
  1284 | D:3      | Found a faded altar of an unknown god.
  1381 | D:2      | Gained mutation: You are frail. (-10% HP) [potion of
                  | mutation]
  1381 | D:2      | Gained mutation: Your system is resistant to poisons.
                  | (rPois) [potion of mutation]
  1381 | D:2      | Gained mutation: You are covered in fur. (AC +1) [potion of
                  | mutation]
  1382 | D:2      | Lost mutation: You are covered in fur. (AC +1) [potion of
                  | mutation]
  1382 | D:2      | Lost mutation: Your system is resistant to poisons. (rPois)
                  | [potion of mutation]
  1382 | D:2      | Lost mutation: You are frail. (-10% HP) [potion of
                  | mutation]
  1382 | D:2      | Gained mutation: You are strong-willed. (Will+) [potion of
                  | mutation]
  1382 | D:2      | Gained mutation: You expend magic power (3 MP) to
                  | strengthen your wands. [potion of mutation]
  1566 | D:2      | Noticed Terence
  1582 | D:2      | Killed Terence
  1582 | D:2      | Reached * piety under Okawaru
  1837 | D:3      | Reached XP level 6. HP: 38/38 MP: 0/7
  1921 | D:3      | Found an opulent altar of Gozag.
  2153 | D:3      | Noticed Ijyb
  2174 | D:3      | Killed Ijyb
  2259 | D:3      | Found a shimmering altar of Xom.
  2455 | D:4      | Noticed a black bear
  2462 | D:4      | Killed a black bear
  2463 | D:4      | Reached skill level 1 in Throwing
  2555 | D:4      | Reached skill level 5 in Armour
  2597 | D:4      | Gained mutation: Your magical flight helps you evade
                  | attacks. (EV +4) [Tengu growth]
  2597 | D:4      | Reached XP level 7. HP: 43/44 MP: 8/8
  2755 | D:4      | Noticed Menkaure
  2768 | D:4      | Killed Menkaure
  2953 | D:4      | Found a stormy altar of Qazlal.
  2954 | D:4      | Noticed a fire elemental
  2955 | D:4      | Noticed a water elemental
  2977 | D:4      | Noticed an air elemental
  3106 | D:4      | Noticed Edmund
  3120 | D:4      | Slain by Edmund

Illustrated notes

Levels and vault maps discovered:
D:1:      ncdulo_smallfort, layout_loops_ring
D:2:      layout_rooms, basic_altar, minmay_misc_feat_chi,
          kennysheep_generic_room_10, uniq_terence
D:3:      layout_loops_ring, nicolae_overflow_crystal_walls,
          lemuel_doored_altar, lemuel_crystal_altar,
          ebering_ecumenical_altar_ruins, minmay_hedge_maze, uniq_ijyb
D:4:      layout_basic, nicolae_qazlal_style_of_elements, uniq_edmund,
          uniq_menkaure

Skill      XL: |  1  2  3  4  5  6 |
---------------+-------------------+-----
Polearms       | 3 4 |  4.5
Armour         | 4 5 |  5.2
Fighting       | 4 |  4.6
Shields        | 4 |  4.6
Throwing       | 1 |  1.6

Action                     |  1- 3 |  4- 6 |  7- 9 || total
---------------------------+-------+-------+-------++-------
  Melee: Trident           |    79 |   156 |    28 ||   263
         Kick              |    19 |    34 |     7 ||    60
         Peck              |     9 |    27 |     8 ||    44
  Throw: Dart              |       |     6 |     2 ||     8
  Evoke: Wand              |       |     3 |       ||     3
    Use: Scroll            |     4 |     3 |     1 ||     8
         Potion            |       |     3 |     1 ||     4
 Armour: Scale mail        |    33 |    66 |     7 ||   106
  Dodge: Dodged            |    20 |    49 |    10 ||    79
  Block: Buckler           |    18 |    26 |     3 ||    47

Table legend: (Time is in decaauts)
 A = Elapsed time spent in this place.
 B = Non-inter-level travel time spent in this place.
 C = Inter-level travel time spent in this place.
 D = Time resting spent in this place.
 E = Time spent auto-exploring this place.
 F = Levels seen in this place.
 G = Mean time per level.
                   A        B        C        D        E       F      G
               +--------+--------+--------+--------+--------+-----+--------+
         Total |   3165 |   3122 |     43 |     79 |   2373 |   4 |  791.2 |
       Dungeon |   3165 |   3122 |     43 |     79 |   2373 |   4 |  791.2 |
               +--------+--------+--------+--------+--------+-----+--------+

Top non-repeatable levels by time:
     D:4: 1100 daAuts
     D:3: 824 daAuts
     D:2: 633 daAuts
     D:1: 606 daAuts
